AoeStats
← tony le gros rou

Black Forest

506626091Analyzed
3v3 RM · 17d ago on Sep 14, 2026· 20m 44s· 6 players
Game mode
Random Map
Map size
Normal (6 player)
Population
200
Speed
Normal
Resources
Standard
Victory
Conquest
Starting age
Dark Age
Ending age
Imperial Age
RankedLock teamsTeams togetherTeam positionsShared explorationLock speedFull tech treeHidden civsTurbo modeCheats
Victory
Defeat
🇫🇷 Armenians · France
1560
+10
🇫🇷 Saracens · France
1465
+14
🇫🇷 Britons · France
1449
+15
🇮🇹 Italians · Italy
1505
-16
🇧🇪 Khmer · Belgium
1461
-14
🇳🇱 Muisca · Netherlands
1308
-9
Nogard
6:41 Loom
9:25 Feudal Age
12:34 Double-Bit Axe
12:50 Fletching
13:01 Padded Archer Armor
15:23 Horse Collar
Kez
1:02 Loom
10:26 Feudal Age
belgawizard
10:34 Feudal Age
11:39 Loom
14:41 Castle Age
13:27 Double-Bit Axe
15:04 Bloodlines
15:45 Bow Saw
tony le gros rou
6:33 Loom
11:19 Feudal Age
14:57 Castle Age
12:59 Double-Bit Axe
14:35 Scale Barding Armor
14:40 Forging
15:25 Scale Barding Armor
15:53 Horse Collar
ccereal
6:37 Loom
8:43 Feudal Age
12:05 Town Watch
12:36 Fletching
12:46 Padded Archer Armor
15:46 Double-Bit Axe
20:58 Castle Age
19:01 Horse Collar
20:52 Gold Mining
Frorok
7:14 Loom
10:00 Feudal Age
10:45 Double-Bit Axe
14:35 Fletching
17:20 Horse Collar
21:16 Wheelbarrow
Connection lost

Rejoining the realm…

Still unreachable

The connection could not be restored.

Session expired

The server has moved on; the page needs a fresh start.